 Dungeon Crawl Stone Soup version 0.30-a0-476-g330ca2eb8e (webtiles) character file.

Game seed: 9046920667735701160

11950 seve the Carver (level 11, -4/100 HPs)
             Began as a Minotaur Fighter on Dec 22, 2022.
             Was the Champion of Okawaru.
             Slain by a slime creature (13 damage)
             ... on level 12 of the Dungeon.
             The game lasted 01:07:53 (10517 turns).

seve the Carver (Minotaur Fighter)                 Turns: 10517, Time: 01:07:53

Health: -4/100     AC: 23    Str: 21    XL:     11   Next: 56%
Magic:  10/10      EV:  8    Int:  5    God:    Okawaru [******]
Gold:   749        SH:  6    Dex: 14    Spells: 10/10 levels left

rFire   . . .      SeeInvis .    b - +2 long sword (vorpal)
rCold   . . .      Faith    .    c - +0 buckler
rNeg    . . .      Spirit   .    C - +2 plate armour
rPois   .          Reflect  .    (helmet restricted)
rElec   .          Harm     .    w - +1 cloak
rCorr   +          Rampage  .    j - +1 pair of gloves
Will    .....                    A - +0 pair of boots
Stlth   ..........               h - amulet of regeneration
HPRegen 1.16/turn                s - ring of resist corrosion
MPRegen 0.12/turn                L - ring of flight

@: about to teleport, flying
A: horns 2, retaliatory headbutt
a: Renounce Religion, Heroism, Finesse, Duel


You were on level 12 of the Dungeon.
You worshipped Okawaru.
Okawaru was exalted by your worship.
You visited 2 branches of the dungeon, and saw 13 of its levels.
You also visited: Ossuary.

You collected 749 gold pieces.

Inventory:

Hand Weapons
 a - a +2 long sword
 b - a +2 vorpal long sword (weapon)
 v - a +3 quarterstaff of chaos
 z - a +1 spear of freezing
 I - a +3 hand axe of draining
 O - a +5 demon trident
Missiles
 m - a throwing net (quivered)
 n - 2 silver boomerangs
Armour
 c - a +0 buckler (worn)
 j - a +1 pair of gloves (worn)
 w - a +1 cloak (worn)
 A - a +0 pair of boots (worn)
 C - a +2 plate armour (worn)
Magical Staves
 x - a staff of cold
 H - a staff of death
Jewellery
 h - an amulet of regeneration (around neck)
 s - a ring of resist corrosion (left hand)
 G - a ring of wizardry
 L - a ring of flight (right hand)
 M - a ring of ice
 S - an amulet of reflection
Wands
 l - a wand of polymorph (11)
 r - a wand of flame (5)
 E - a wand of mindburst (13)
 J - a wand of quicksilver (4)
 Q - a wand of digging (1)
Scrolls
 e - 2 scrolls of immolation
 g - 3 scrolls of teleportation
 u - a scroll of amnesia {unknown}
 y - a scroll of magic mapping {unknown}
 F - 2 scrolls of brand weapon {unknown}
 K - a scroll of fear {unknown}
 T - a scroll of fog
Potions
 d - a potion of ambrosia {unknown}
 f - 3 potions of lignification
 i - 4 potions of haste
 k - a potion of cancellation {unknown}
 o - 2 potions of degeneration {unknown}
 p - 4 potions of heal wounds
 q - a potion of flight {unknown}
 t - a potion of brilliance {unknown}
 B - 3 potions of mutation
 D - 2 potions of magic
 N - 2 potions of berserk rage
 P - 2 potions of curing
 R - a potion of attraction {unknown}


   Skills:
 + Level 10.2 Fighting
 + Level 14.1 Long Blades
 + Level 11.5 Armour
 + Level 4.1 Dodging
 + Level 1.7 Stealth
 + Level 8.1 Shields
 + Level 0.8 Unarmed Combat
 + Level 0.1 Evocations


You had 10 spell levels left.
You didn't know any spells.
Your spell library contained the following spells:

 Spells                   Type           Power      Damage    Failure   Level
 Sandblast                Erth           0%         2d4       100%        1
 Slow                     Hex            0%         N/A       100%        1
 Sting                    Tmut/Pois      0%         1d3       100%        1
 Ensorcelled Hibernation  Hex/Ice        0%         N/A       100%        2
 Passwall                 Tmut/Erth      0%         N/A       100%        2
 Poisonous Vapours        Pois/Air       0%         N/A       100%        2
 Static Discharge         Conj/Air       0%         2-2/arc   100%        2
 Confusing Touch          Hex            0%         N/A       100%        3
 Stone Arrow              Conj/Erth      0%         3d7       100%        3
 Swiftness                Air            0%         N/A       100%        3
 Vampiric Draining        Necr           0%         2d6       100%        3
 Vhi's Electric Charge    Tloc/Air       0%         N/A       100%        3
 Olgreb's Toxic Radiance  Pois           0%         N/A       100%        4
 Arcjolt                  Conj/Air       0%         1d10      100%        5
 Borgnjor's Vile Clutch   Necr/Erth      0%         N/A       100%        5
 Lightning Bolt           Conj/Air       0%         1d11      100%        5
 Orb of Destruction       Conj           0%         9d5       100%        7
 Summon Guardian Golem    Hex/Summ       Unusable   N/A       N/A         3
 Animate Dead             Necr           Unusable   N/A       N/A         4
 Death Channel            Necr           Unusable   N/A       N/A         6
 Spellforged Servitor     Conj/Summ      Unusable   N/A       N/A         7

Dungeon Overview and Level Annotations

Branches:
Dungeon (12/15)            Temple (1/1) D:6            Lair (0/5) D:8
Ossuary (visited)
    Orc: D:9-12

Altars:
Ashenzari
Cheibriados
Dithmenos
Elyvilon
Fedhas
Gozag
Hepliaklqana
Kikubaaqudgha
Makhleb
Nemelex Xobeh
Okawaru
Qazlal
Ru
Sif Muna
Trog
Uskayaw
Vehumet
Wu Jian
Xom
Yredelemnul
Zin
The Shining One

Shops:
D:3 !   D:4 :   D:7 :*


Innate Abilities, Weirdness & Mutations

You have a pair of horns on your head.
You reflexively headbutt those who attack you in melee.


Message History

You hit the red ugly thing.
You headbutt the red ugly thing, but do no damage.
The red ugly thing is severely wounded.
The red ugly thing punches you but does no damage.
The slime creature hits you but does no damage.
You slash the red ugly thing!
You kill the red ugly thing!
Okawaru accepts your kill.
A large slime creature splits.
You block the slime creature's attack.
Aiming: Throw Flame
Press: ? - help, Q - select action, (/) - cycle Shift-Dir - straight line, f - slime creature
Aim: a slime creature (93% to hit)
The puff of flame hits the slime creature.
The slime creature is lightly wounded.
Two slime creatures merge to form a very large slime creature.
The slime creature hits you but does no damage.
Two slime creatures merge to form a large slime creature.
You feel much better.
A very large slime creature splits.
Unknown command.
You hit the large slime creature. You headbutt the large slime creature!
The large slime creature is lightly wounded.
You hit the large slime creature. You headbutt the large slime creature!
The large slime creature is moderately wounded.
The large slime creature hits you!!
The slime creature hits you but does no damage.
You slash the large slime creature!
The large slime creature is heavily wounded.
The large slime creature hits you! The large slime creature hits you!!
* * * LOW HITPOINT WARNING * * *
The slime creature hits you!
* * * LOW HITPOINT WARNING * * *
You hit the large slime creature.
Your headbutt misses the large slime creature.
The large slime creature is heavily wounded.
The large slime creature hits you but does no damage.
A large slime creature splits.
As you read the scroll of teleportation, it crumbles to dust.
You feel strangely unstable. You block the slime creature's attack.
The slime creature hits you!
You die...

#....#
#....#
#####....#
.........#
..?......#
....$....#
......JJ.#
......J@.#
.<##+##J<#
##.# ###


You could see a large slime creature and 3 slime creatures.

Vanquished Creatures
  3 two-headed ogres
  Urug (D:10)
  An ugly thing (D:12)
  3 manticores
  Joseph (D:8)
  An unseen horror (D:8)
  A gargoyle (D:11)
  The ghost of Iidacon the Covered, an amateur MiFi (D:4)
  Prince Ribbit (D:6)
  A shadow (D:10)
  A wyvern (D:8)
  A wraith (D:11)
  14 yaks
  An acid dragon (D:10)
  A sky beast (D:6)
  3 orc warriors
  2 ice beasts
  2 ogres (D:6)
  3 centaurs
  An elf zombie (Ossuary)
  2 kobold brigands
  2 bullfrogs
  A gnoll sergeant (D:9)
  A scorpion (D:5)
  13 wights
  15 killer bees
  4 howler monkeys
  3 centaur zombies (Ossuary)
  Crazy Yiuf (D:3)
  A human zombie (Ossuary)
  7 orc priests
  2 gnoll boudas
  5 hounds
  5 jellies
  3 iguanas
  Ijyb (D:3)
  Jessica (D:3)
  5 orc wizards
  A hound zombie (D:4)
  2 mummies (Ossuary)
  13 adders
  12 gnolls
  A shadow imp (D:7)
  A white imp (D:7)
  3 ufetubi
  2 adder zombies
  4 worms
  6 dart slugs
  18 orcs
  4 endoplasms
  6 giant cockroaches
  9 goblins
  12 hobgoblins
  2 jackals (D:1)
  14 kobolds
  4 quokkas
  7 ball pythons
  7 bats
  6 frilled lizards
  A goblin zombie (Ossuary)
  14 hobgoblin zombies (Ossuary)
  2 jackal zombies (Ossuary)
  9 kobold zombies (Ossuary)
  5 orc zombies (Ossuary)
  10 rats
290 creatures vanquished.

Notes
Turn   | Place    | Note
-------+----------+-------------------------------------------
     0 | D:1      | seve the Minotaur Fighter began the quest for the Orb.
     0 | D:1      | Reached XP level 1. HP: 19/19 MP: 0/0
   149 | D:1      | Reached XP level 2. HP: 22/27 MP: 1/1
   501 | D:1      | Reached XP level 3. HP: 33/33 MP: 2/2
  1020 | D:2      | Reached skill level 3 in Long Blades
  1245 | D:2      | Reached XP level 4. HP: 40/40 MP: 3/3
  1574 | D:2      | Found a faded altar of an unknown god.
  1889 | D:3      | Noticed Ijyb
  1928 | D:3      | Killed Ijyb
  1929 | D:3      | Reached skill level 4 in Long Blades
  1982 | D:3      | Found Buymmasu's Distillery.
  2102 | D:3      | Noticed Natasha
  2104 | D:3      | Natasha changed into Natasha the iguana
  2104 | D:3      | Noticed Natasha
  2115 | D:3      | Killed Natasha the iguana
  2116 | D:3      | Reached XP level 5. HP: 26/46 MP: 4/4
  2237 | D:3      | Reached skill level 5 in Armour
  2658 | D:3      | Found a runed translucent door.
  2659 | D:3      | Noticed Crazy Yiuf
  2664 | D:3      | Killed Crazy Yiuf
  2665 | D:3      | Reached skill level 5 in Long Blades
  2782 | D:3      | Noticed Jessica
  2786 | D:3      | Killed Jessica
  2787 | D:3      | Reached XP level 6. HP: 53/53 MP: 5/5
  3280 | D:4      | Found a shadowy altar of Dithmenos.
  3281 | D:4      | Found a hide-covered altar of Uskayaw.
  3290 | D:4      | Found a sacrificial altar of Ru.
  3305 | D:4      | Found an iron altar of Okawaru.
  3307 | D:4      | Found a shimmering altar of Xom.
  3312 | D:4      | Found a stormy altar of Qazlal.
  3317 | D:4      | Found a burning altar of Makhleb.
  3349 | D:4      | Became a worshipper of Warmaster Okawaru
  3415 | D:4      | Found Bowkusy's Book Shoppe.
  3473 | D:4      | Found a runed translucent gate.
  3473 | D:4      | Found a runed translucent gate.
  3473 | D:4      | Found a runed translucent gate.
  3473 | D:4      | Noticed Iidacon's ghost (amateur MiFi)
  3475 | D:4      | Found a basalt altar of Yredelemnul.
  3547 | D:4      | Killed Iidacon's ghost
  3547 | D:4      | Reached * piety under Okawaru
  3548 | D:4      | Reached skill level 6 in Long Blades
  3548 | D:4      | Reached skill level 1 in Dodging
  3548 | D:4      | Reached XP level 7. HP: 10/60 MP: 6/6
  3943 | D:4      | Found a white marble altar of Elyvilon.
  4136 | D:5      | Entered Level 5 of the Dungeon
  4148 | D:5      | Found a bloodstained altar of Trog.
  4160 | D:5      | Reached skill level 7 in Long Blades
  4212 | D:5      | Reached skill level 5 in Fighting
  4886 | D:6      | Reached ** piety under Okawaru
  4997 | D:6      | Found a staircase to the Ecumenical Temple.
  5007 | D:6      | Reached XP level 8. HP: 69/69 MP: 7/7
  5069 | Temple   | Entered the Ecumenical Temple
  5186 | D:6      | Reached skill level 5 in Shields
  5190 | D:6      | Reached skill level 8 in Long Blades
  5190 | D:6      | Reached skill level 1 in Stealth
  5355 | D:6      | Reached *** piety under Okawaru
  5398 | D:6      | Found a hazy altar of Hepliaklqana.
  5399 | D:6      | Noticed Prince Ribbit
  5426 | D:6      | Killed Prince Ribbit
  5512 | D:6      | Reached skill level 9 in Long Blades
  5606 | D:6      | Found a sand-covered staircase.
  5610 | Ossuary  | Entered an ossuary
  5643 | Ossuary  | Reached XP level 9. HP: 78/78 MP: 8/8
  6182 | D:7      | Noticed a manticore
  6199 | D:7      | Killed a manticore
  6199 | D:7      | Reached **** piety under Okawaru
  6495 | D:7      | Reached skill level 10 in Long Blades
  6588 | D:7      | Found Wuulua Impoth's Fire Supplies.
  6800 | D:7      | Found Lounemm's Vocational Training.
  7119 | D:8      | Noticed Joseph
  7152 | D:8      | Killed Joseph
  7198 | D:8      | Found a staircase to the Lair.
  7302 | D:8      | Killed an unseen horror
  7303 | D:8      | Reached skill level 11 in Long Blades
  7303 | D:8      | Reached XP level 10. HP: 88/88 MP: 9/9
  8118 | D:9      | Reached skill level 10 in Armour
  8122 | D:9      | Noticed a two-headed ogre
  8135 | D:9      | Killed a two-headed ogre
  8263 | D:9      | Reached ***** piety under Okawaru
  9047 | D:10     | Entered Level 10 of the Dungeon
  9207 | D:10     | Noticed a two-headed ogre
  9219 | D:10     | Killed a two-headed ogre
  9220 | D:10     | Reached skill level 12 in Long Blades
  9353 | D:10     | Reached XP level 11. HP: 97/97 MP: 10/10
  9395 | D:10     | Reached skill level 13 in Long Blades
  9410 | D:10     | Reached ****** piety under Okawaru
  9467 | D:10     | Found a broken altar of Ashenzari.
  9690 | D:10     | Noticed Urug
  9701 | D:10     | Killed Urug
 10040 | D:11     | Identified the +1 robe of the Screaming Gods {rC- Int+5}
                  | (Okawaru gifted it to you on level 11 of the Dungeon)
 10040 | D:11     | Received a gift from Okawaru
 10041 | D:11     | Reached skill level 10 in Fighting
 10258 | D:11     | Noticed a two-headed ogre
 10275 | D:11     | Killed a two-headed ogre
 10276 | D:11     | Reached skill level 14 in Long Blades
 10498 | D:12     | Noticed a red ugly thing
 10510 | D:12     | Killed a red ugly thing
 10517 | D:12     | Slain by a slime creature

Illustrated notes

Levels and vault maps discovered:
D:1:      dpeg_arrival_boxorama, layout_basic,
          nicolae_concentric_dashed_squares_mild, nrook_campfire,
          supply_closet_lemuel, minmay_heptomino_h4
D:2:      layout_basic, basic_ecumenical_altar, minmay_hedge_maze
D:3:      minmay_chambers_of_threes, layout_basic, serial_shops,
          nicolae_shop_statue_plus, roderic_filled_cross,
          minmay_fractal_squares_diagonal_5, uniq_jessica, uniq_natasha,
          uniq_ijyb, uniq_crazy_yiuf_cottage
D:4:      layout_loops_cross, nicolae_overflow_hallway_of_the_gods,
          nicolae_elyvilon_peaceful_grove, nicolae_yredelemnul_ghost_church,
          serial_shops, nicolae_shop_trees
D:5:      layout_loops_ring, trog_three_pillars_becter
D:6:      layout_rooms, nicolae_overflow_crystal_walls,
          minmay_temple_entry_wispy, lightli_ossuary_entry_decrepit_ruins,
          st_stairs_7, nicolae_fountain_basement, uniq_prince_ribbit1
D:7:      layout_loops_ring, nicolae_shop_fire_sale [nicolae_sub_dead_trees],
          nicolae_shop_vocational
D:8:      layout_basic, lair_entry_dummy, serial_glass, glass_columns_b,
          glass_columns_a, uniq_joseph
D:9:      layout_loops_ring
D:10:     layout_loops_ring, lemuel_coloured_pillars_altar,
          minmay_misc_feat_encased, uniq_urug
D:11:     layout_rooms
D:12:     layout_irregular_city, david_orc_1_choice, dk_noncrumbling_3,
          hangedman_abyss_or_decor_passed, uniq_psyche
Temple:   eino_temple_lava

Skill      XL: |  1  2  3  4  5  6  7  8  9 10 11 |
---------------+----------------------------------+-----
Shields        | 4 5 6 7 8 |  8.1
Armour         | 4 5 6 8 9 10 11 | 11.5
Fighting       | 4 5 6 8 9 10 | 10.2
Long Blades    | 3 4 5 6 7 9 11 12 14 | 14.1
Dodging        | 1 2 3 4 |  4.1
Stealth        | 1 |  1.7
Unarmed Combat | |  0.8
Evocations     | |  0.1

Action                   |  1- 3 |  4- 6 |  7- 9 | 10-12 || total
-------------------------+-------+-------+-------+-------++-------
Melee: Long sword        |   107 |   168 |   382 |   311 ||   968
       Headbutt          |    16 |    33 |    72 |    77 ||   198
       Unarmed           |       |     5 |       |       ||     5
Evoke: Wand              |       |     2 |       |     1 ||     3
  Use: Scroll            |       |     6 |     7 |     9 ||    22
       Potion            |       |     6 |     3 |     3 ||    12
 Stab: Confused          |       |     1 |       |       ||     1
Armor: Scale mail        |    54 |    74 |    84 |       ||   212
       Skin              |       |     4 |       |       ||     4
       Plate armour      |       |       |   217 |   160 ||   377
Dodge: Dodged            |    46 |    93 |   163 |    81 ||   383
Block: Buckler           |    20 |    38 |   105 |    65 ||   228

Table legend: (Time is in decaauts)
 A = Elapsed time spent in this place.
 B = Non-inter-level travel time spent in this place.
 C = Inter-level travel time spent in this place.
 D = Time resting spent in this place.
 E = Time spent auto-exploring this place.
 F = Levels seen in this place.
 G = Mean time per level.
                   A        B        C        D        E       F      G
               +--------+--------+--------+--------+--------+-----+--------+
         Total |  10543 |  10512 |     31 |    774 |   4678 |  14 |  753.1 |
       Dungeon |  10189 |  10158 |     31 |    774 |   4678 |  12 |  849.1 |
        Temple |     49 |     49 |      0 |      0 |      0 |   1 |   49.0 |
       Ossuary |    304 |    304 |      0 |      0 |      0 |   1 |  304.0 |
               +--------+--------+--------+--------+--------+-----+--------+

Top non-repeatable levels by time:
     D:3: 1359 daAuts
     D:9: 1264 daAuts
     D:1: 1013 daAuts
     D:6: 959 daAuts
     D:4: 952 daAuts
    D:10: 920 daAuts
     D:2: 883 daAuts
     D:8: 797 daAuts
     D:7: 785 daAuts
     D:5: 739 daAuts
    D:11: 497 daAuts
 Ossuary: 304 daAuts
  Temple: 49 daAuts
    D:12: 15 daAuts
